 Dungeon Crawl Stone Soup version 0.22-a0-274-gf8199ec (webtiles) character file.

132 varam the Sneak (level 4, -1/21 HPs)
             Began as a Spriggan Enchanter on Mar 13, 2018.
             Slain by an elf zombie (6 damage)
             ... in an ossuary.
             The game lasted 00:08:41 (2610 turns).

varam the Sneak (Spriggan Enchanter)                Turns: 2610, Time: 00:08:42

Health: -1/21      AC:  2    Str:  5    XL:     4   Next: 92%
Magic:  1/9        EV: 18    Int: 16    God:
Gold:   223        SH:  0    Dex: 18    Spells: 2/8 levels left

rFire    . . .     SeeInvis +   o - +1 short sword (freeze)
rCold    . . .     Gourm    .   (shield restricted)
rNeg     . . .     Faith    .   b - +0 robe
rPois    .         Spirit   .   (helmet restricted)
rElec    .         Reflect  .   (no cloak)
rCorr    .         Harm     .   (gloves unavailable)
MR       .....     Rnd*Tele +   (boots unavailable)
Stlth    ++++......             (no amulet)
HPRegen  0.00/turn              (no ring)
MPRegen  0.11/turn              (no ring)

@: very quick
A: very small, unfitting armour, thin skeletal structure 1, see invisible,
herbivore, speed 3, inhibited regeneration, slow metabolism 2, teleportitis 1
a: no special abilities


You were in an ossuary.
You were hungry.

You visited 1 branch of the dungeon, and saw 4 of its levels.
You also visited: Ossuary.

You collected 223 gold pieces.

Inventory:

Hand Weapons
 a - a +1 dagger
 o - a +1 short sword of freezing (weapon)
Armour
 b - a +0 robe (worn)
Wands
 n - a wand of digging (5)
Scrolls
 c - 2 scrolls of blinking {unknown}
 g - a scroll of random uselessness {unknown}
 j - 2 scrolls of remove curse {unknown}
 k - 2 scrolls of identify {unknown}
 p - 2 scrolls of teleportation {unknown}
 r - a scroll of fear {unknown}
 s - a scroll of immolation {unknown}
 t - 2 scrolls of noise {unknown}
 u - a scroll of fog {unknown}
Potions
 e - 3 potions of curing
 f - a potion of flight {unknown}
 h - a potion of brilliance {unknown}
 i - a potion of agility {unknown}
 l - a potion of might {unknown}
 q - a potion of haste {unknown}
 v - a potion of berserk rage {unknown}
Comestibles
 d - 9 rations


   Skills:
 + Level 3.7 Short Blades
 - Level 3.0 Dodging
 + Level 6.9 Stealth
 - Level 2.6 Spellcasting
 - Level 3.6 Hexes


You had 2 spell levels left.
You knew the following spells:

 Your Spells              Type           Power        Failure   Level  Hunger
a - Corona                Hex            ##.....      4%          1    #......
b - Ensorcelled Hibernat  Hex/Ice        #.....       14%         2    ##.....
c - Confuse               Hex            ##......     13%         3    ###....


Dungeon Overview and Level Annotations

Branches:
Dungeon (4/15)
 Temple: D:4-7

Altars:
Elyvilon
Zin
The Shining One

Annotations:
D:3 1 runed door, p0werm0de's ghost, weakling DsSu


Innate Abilities, Weirdness & Mutations

You are very small and have problems with some larger weapons.
You are too small for most types of armour.
You have supernaturally acute eyesight. (SInv)
You are a herbivore.
You cover ground extremely quickly.
You need to consume almost no food.
You have a somewhat thin skeletal structure. (Dex +2, Stealth)
You do not regenerate when monsters are visible.
You are occasionally teleported next to monsters.


Message History

Aim: an elf zombie (severely damaged, chance to defeat MR: 58%)
The elf zombie is outlined in light.
The elf zombie barely misses you.
You barely miss the elf zombie.
The elf zombie is severely damaged.
You hit the elf zombie.
The elf zombie is almost destroyed.
The elf zombie hits you.
* * * LOW HITPOINT WARNING * * *
You hit the elf zombie.
The elf zombie is almost destroyed.
The elf zombie misses you.
You hit the elf zombie.
The elf zombie is almost destroyed.
The elf zombie closely misses you.
You hit the elf zombie.
The elf zombie is almost destroyed.
You hit the elf zombie.
The elf zombie is almost destroyed.
The elf zombie hits you.
You die...

#..... #....
#...# #...#
#... #..# #..#
#@.# #Z.# #..#
..#..# #∩.# ..
..# #..# .. ..#
#..## .##..##
#...###.#....#
#...#...#....#
#...##.##....##


You could see an elf zombie.

Vanquished Creatures
  A hound (D:4)
  Robin (D:2)
  An adder (D:2)
  2 adder zombies (Ossuary)
  A worm (D:2)
  2 dart slugs (D:3)
  5 giant cockroaches
  11 goblins
  9 hobgoblins
  5 kobolds
  2 quokkas
  2 ball pythons (D:3)
  6 bats
  4 frilled lizards
  A goblin zombie (Ossuary)
  A hobgoblin zombie (Ossuary)
  A jackal zombie (Ossuary)
  2 kobold zombies (Ossuary)
  An orc zombie (Ossuary)
  A quokka skeleton (D:4)
  11 rats
  A rat zombie (Ossuary)
71 creatures vanquished.

Notes
Turn   | Place    | Note
-------+----------+-------------------------------------------
     0 | D:1      | varam the Spriggan Enchanter began the quest for the Orb.
     0 | D:1      | Reached XP level 1. HP: 9/9 MP: 5/5
   350 | D:1      | Reached skill level 5 in Stealth
   350 | D:1      | Reached XP level 2. HP: 11/13 MP: 4/6
   379 | D:1      | Learned a level 2 spell: Ensorcelled Hibernation
   489 | D:1      | Reached skill level 2 in Short Blades
   943 | D:2      | Reached XP level 3. HP: 16/16 MP: 8/8
  1109 | D:2      | Noticed Robin
  1426 | D:2      | Killed Robin
  1426 | D:2      | Reached skill level 3 in Short Blades
  1426 | D:2      | Reached skill level 6 in Stealth
  1442 | D:2      | Reached XP level 4. HP: 19/21 MP: 4/9
  1587 | D:2      | Found a glowing silver altar of Zin.
  1587 | D:2      | Found a glowing golden altar of the Shining One.
  1587 | D:2      | Found a white marble altar of Elyvilon.
  2155 | D:3      | Found a white marble altar of Elyvilon.
  2155 | D:3      | Noticed an angel
  2156 | D:3      | Found a runed door.
  2373 | D:3      | Noticed p0werm0de's ghost (weakling DsSu)
  2444 | D:4      | Found a sand-covered staircase.
  2451 | Ossuary  | Entered an ossuary
  2482 | Ossuary  | Learned a level 3 spell: Confuse
  2597 | Ossuary  | Gained mutation: You are frail. (-10% HP) [potion of mutation]
  2597 | Ossuary  | Gained mutation: You have a pair of small horns on your head. [potion of mutation]
  2598 | Ossuary  | Lost mutation: You are frail. (-10% HP) [potion of mutation]
  2598 | Ossuary  | Lost mutation: You have a pair of small horns on your head. [potion of mutation]
  2598 | Ossuary  | Gained mutation: You do not regenerate when monsters are visible. [potion of mutation]
  2598 | Ossuary  | Gained mutation: You are occasionally teleported next to monsters. [potion of mutation]
  2598 | Ossuary  | Gained mutation: You have a somewhat thin skeletal structure. (Dex +2, Stealth) [potion of mutation]
  2610 | Ossuary  | Slain by an elf zombie

Vault maps used:
D:1:      dpeg_arrival_pond, minmay_bisected
D:2:      good_gods_mini_temple, first_ration, kennysheep_generic_room_6,
          uniq_robin
D:3:      nicolae_overflow_hidden_temple, lemuel_angel_altar
D:4:      cheibrodos_barr_body, kennysheep_little_box,
          chequers_ossuary_entry_cave, minmay_misc_feat_iff,
          corexii_corridor_pit, guppyfry_early_orc_mine
Ossuary:  minmay_ossuary_two_tombs

Skill      XL: |  1  2  3 |
---------------+----------+-----
Stealth        | 5 6 |  6.9
Short Blades   | 2 3 |  3.7
Dodging        | |  3.0
Spellcasting   | |  2.6
Hexes          | |  3.6

Action                   |  1- 3 |  4- 6 || total
-------------------------+-------+-------++-------
Melee: Dagger            |   116 |    27 ||   143
       Short sword       |       |    96 ||    96
 Cast: Corona            |    10 |     4 ||    14
       Ensorcelled Hiber |    11 |     2 ||    13
       Confuse           |       |     4 ||     4
  Use: Potion            |       |     3 ||     3
 Stab: Sleeping          |    16 |    11 ||    27
       Confused          |       |     1 ||     1
Armor: Robe              |    13 |     8 ||    21
Dodge: Dodged            |   103 |    68 ||   171

Table legend:
 A = Spawn XP
 B = Non-spawn XP
 C = Spawn XP percentage of total XP
 D = Spawn monster count
 E = Non-spawn monster count
 F = Spawn count percentage of total count
 G = Total turns spent on level
                    A         B        C        D         E        F      G
               +---------+---------+-------+---------+---------+-------+---------
         Total |       0 |     189 |   0.0 |       0 |      71 |   0.0 |  2610
               +---------+---------+-------+---------+---------+-------+---------
           D:1 |       0 |      28 |   0.0 |       0 |      17 |   0.0 |   887
           D:2 |       0 |      82 |   0.0 |       0 |      33 |   0.0 |  1134
           D:3 |       0 |      20 |   0.0 |       0 |      10 |   0.0 |   395
           D:4 |       0 |      41 |   0.0 |       0 |       2 |   0.0 |    35
       Ossuary |       0 |      18 |   0.0 |       0 |       9 |   0.0 |   159
               +---------+---------+-------+---------+---------+-------+---------
